 Dungeon Crawl Stone Soup version 0.26-a0-639-g72c4674329 (webtiles) character file.

Game seed: 4837378074393452446

6006 Borgoz the Grappler (level 10, -8/91 HPs)
             Began as a Ghoul Gladiator on Sept 18, 2020.
             Was a Priest of Makhleb.
             Mangled by a brown ugly thing (12 damage)
             ... on level 8 of the Dungeon.
             The game lasted 00:12:13 (10490 turns).

Borgoz the Grappler (Ghoul Gladiator)              Turns: 10490, Time: 00:12:13

Health: -8/91      AC:  6    Str: 20    XL:     10   Next: 85%
Magic:  0/9        EV: 16    Int:  3    God:    Makhleb [***...]
Gold:   467        SH:  0    Dex: 12    Spells: 9/9 levels left

rFire    . . .     SeeInvis +     - Unarmed
rCold    + . .     Faith    .   (no shield)
rNeg     + + +     Spirit   +   i - +0 leather armour {MR+}
rPois    ∞         Reflect  .   b - +0 helmet
rElec    .         Harm     .   (no cloak)
rCorr    .         Rampage  .   (no gloves)
MR       +....     Rnd*Tele +   e - +0 pair of boots
Stlth    +.........             h - amulet of guardian spirit
HPRegen  0.00/turn              B - ring of teleportation (curse)
MPRegen  0.11/turn              x - ring of see invisible

@: no status effects
A: rotting body, claws 1, cold resistance 1, negative energy resistance 3,
inhibited regeneration, torment resistance, unbreathing
a: Minor Destruction, Lesser Servant of Makhleb, Renounce Religion


You were on level 8 of the Dungeon.
You worshipped Makhleb.
Makhleb was most pleased with you.
You visited 2 branches of the dungeon, and saw 10 of its levels.
You also visited: Ossuary.

You collected 467 gold pieces.

Inventory:

Missiles
 c - a throwing net (quivered)
Armour
 b - a +0 helmet (worn)
 e - a +0 pair of boots (worn)
 i - a +0 leather armour of magic resistance (worn)
Jewellery
 g - a +6 ring of intelligence
 h - an amulet of guardian spirit (around neck)
 x - a ring of see invisible (right claw)
 B - a cursed ring of teleportation (left claw)
 C - an uncursed ring of ice
Wands
 n - a wand of iceblast (23)
 A - a wand of acid (4)
Scrolls
 a - a scroll of blinking
 d - 4 scrolls of remove curse
 l - 2 scrolls of immolation
 m - 2 scrolls of teleportation
 r - 2 scrolls of fog {unknown}
 u - a scroll of brand weapon {unknown}
 v - a scroll of holy word {unknown}
 w - a scroll of magic mapping {unknown}
 y - 4 scrolls of enchant weapon
 z - 2 scrolls of enchant armour {unknown}
Potions
 f - a potion of haste
 k - a potion of stabbing {unknown}
 o - a potion of invisibility {unknown}
 p - a potion of curing
 q - 2 potions of cancellation
 s - 2 potions of might {unknown}
 t - a potion of brilliance {unknown}


   Skills:
 + Level 9.1 Fighting
 - Level 1.7 Throwing
 + Level 7.2 Armour
 + Level 7.9 Dodging
 + Level 9.4 Unarmed Combat


You had 9 spell levels left.
You didn't know any spells.
Your spell library contained the following spells:

 Spells                   Type           Power        Failure   Level
 Sandblast                Erth           #.....       56%         1
 Passwall                 Tmut/Erth      #.......     71%         2
 Stone Arrow              Conj/Erth      #.....       91%         3
 Petrify                  Tmut/Erth      #.......     100%        4
 Lee's Rapid Deconstruct  Erth           #.........   100%        5


Dungeon Overview and Level Annotations

Branches:
Dungeon (9/15)             Temple (1/1) D:6            Lair (0/6) D:8
Ossuary (visited)
    Orc: D:9-12

Altars:
Ashenzari
Cheibriados
Dithmenos
Elyvilon
Fedhas
Gozag
Hepliaklqana
Kikubaaqudgha
Makhleb
Nemelex Xobeh
Okawaru
Qazlal
Ru
Sif Muna
Trog
Uskayaw
Vehumet
Wu Jian
Xom
Yredelemnul
Zin

Shops:
D:4 }

Annotations:
D:3 1 runed translucent door, HoaS's ghost, amateur FoFi


Innate Abilities, Weirdness & Mutations

Your body is rotting away.
You thrive by killing the living.
You are immune to poison.
You have sharp fingernails.
Your flesh is cold resistant. (rC+)
You are immune to negative energy. (rN+++)
You do not regenerate when monsters are visible.
You are immune to unholy pain and torment.
You can survive without breathing.


Message History

There is a stone staircase leading up here.
You see here an arrow.
The brown ugly thing barely misses you.
You climb upwards.
There is a stone staircase leading down here.
You can't go up here!
Okay, then.
Throwing (i - inventory)
c - 3 throwing nets (quivered)
Press: ? - help, Shift-Dir - straight line, f - brown ugly thing
Aim: a brown ugly thing You throw a throwing net.
The throwing net closely misses the brown ugly thing.
The brown ugly thing punches you but does no damage.
Throwing (i - inventory)
c - 2 throwing nets (quivered)
Press: ? - help, Shift-Dir - straight line, f/p - brown ugly thing
Aim: a brown ugly thing You throw a throwing net.
The throwing net closely misses the brown ugly thing.
The brown ugly thing punches you!
You die...

.##..............######.#####
####(......###..............#
###...### #...##########.##
#...# #...# #..# ##.## #.###
## ##.# #### #.# #.# ##8###8
#.# (..# #.# #.##8...8.. #.#
##)####.# #.##....(.. #.#
.)))....######.#@....... #.#
.#.............##u...... ###
.#############.##8(..8.. ##
## #.# ##8###8 ##### #.### ##
#...# #.#.# ###...### #.#.#
#.).....###.#.#
####...........#.#


You could see a brown ugly thing.

Vanquished Creatures
  Erica (D:8)
  2 hippogriffs
  A yak (D:8)
  A water moccasin (D:6)
  3 porcupines (D:8)
  3 orc warriors
  A phantom (D:5)
  2 black bears (D:8)
  A sky beast (D:8)
  An ice beast (D:7)
  2 ogres
  3 centaurs
  A crocodile (D:8)
  6 bullfrogs
  A water moccasin zombie (D:5)
  16 killer bees
  3 wights (D:7)
  A howler monkey (D:6)
  2 centaur zombies (Ossuary)
  5 jellies
  2 bullfrog zombies
  6 orc priests
  4 hounds
  15 orc wizards
  5 worker ants
  Natasha (thrice) (D:2)
  3 iguanas
  5 killer bee zombies
  3 hound zombies (Ossuary)
  12 mummies (Ossuary)
  2 howler monkey zombies
  2 worker ant zombies (Ossuary)
  3 gnolls (D:3)
  8 adders
  2 shadow imps
  3 white imps
  4 ufetubi
  2 adder skeletons
  4 adder zombies (Ossuary)
  2 worms
  A dart slug (D:1)
  4 leopard geckos
  35 orcs
  6 bats
  3 giant cockroaches
  5 goblins
  6 hobgoblins
  6 jackals
  5 quokkas
  A ball python zombie (Ossuary)
  4 frilled lizards
  2 giant cockroach zombies
  A jackal zombie (Ossuary)
  7 kobolds
  3 leopard gecko zombies
  2 quokka zombies (Ossuary)
  6 rats
243 creatures vanquished.

Vanquished Creatures (others)
  32 fungi (D:8)
  30 plants (D:8)
  3 withered plants (Ossuary)
65 creatures vanquished.

Grand Total: 308 creatures vanquished

Notes
Turn   | Place    | Note
-------+----------+-------------------------------------------
     0 | D:1      | Borgoz the Ghoul Gladiator began the quest for the Orb.
     0 | D:1      | Reached XP level 1. HP: 17/17 MP: 0/0
    92 | D:1      | Reached XP level 2. HP: 15/25 MP: 1/1
   612 | D:1      | Reached XP level 3. HP: 30/30 MP: 2/2
   840 | D:2      | Reached skill level 1 in Armour
  1585 | D:2      | Noticed Natasha
  1591 | D:2      | Killed Natasha
  1591 | D:2      | Reached XP level 4. HP: 37/38 MP: 3/3
  1603 | D:2      | Noticed Natasha
  1615 | D:2      | Killed Natasha
  1812 | D:2      | Reached XP level 5. HP: 45/45 MP: 4/4
  1975 | D:2      | Noticed Natasha
  1988 | D:2      | Killed Natasha
  2237 | D:3      | Found a runed translucent door.
  2238 | D:3      | Noticed HoaS's ghost (amateur FoFi)
  2630 | D:3      | Reached XP level 6. HP: 17/52 MP: 2/5
  3116 | D:4      | Found Vuunlun's Gadget Shop.
  3210 | D:4      | Got a bone mace
  3211 | D:4      | Identified the +8 mace of Valour {venom, Int+5} (You found
                  | it on level 4 of the Dungeon)
  3432 | D:5      | Entered Level 5 of the Dungeon
  3447 | D:4      | Reached skill level 5 in Unarmed Combat
  3447 | D:4      | Reached XP level 7. HP: 47/60 MP: 3/6
  4023 | D:5      | Reached skill level 5 in Fighting
  4207 | D:5      | Reached XP level 8. HP: 36/68 MP: 3/7
  4411 | D:5      | HP: 2/68 [centaur (7)]
  4415 | D:5      | Reached skill level 5 in Dodging
  4840 | D:5      | Noticed a hippogriff
  4855 | D:5      | Killed a hippogriff
  5760 | D:6      | Found a staircase to the Ecumenical Temple.
  5938 | D:6      | Found a sand-covered staircase.
  5946 | Ossuary  | Entered an ossuary
  6236 | Ossuary  | Reached XP level 9. HP: 59/77 MP: 6/8
  6512 | Ossuary  | Reached skill level 5 in Armour
  7164 | Temple   | Entered the Ecumenical Temple
  7205 | Temple   | Became a worshipper of Makhleb the Destroyer
  8262 | D:7      | Reached * piety under Makhleb
  8309 | D:7      | Found a radiant altar of Vehumet.
  8309 | D:7      | Found an ornate altar of the Wu Jian Council.
  8443 | D:7      | Found a basalt altar of Yredelemnul.
  8445 | D:7      | Found a shimmering blue altar of Sif Muna.
  8446 | D:7      | Found a faded altar of an unknown god.
  8687 | D:7      | Reached XP level 10. HP: 68/88 MP: 5/9
  9544 | D:8      | Found a staircase to the Lair.
  9572 | D:8      | Reached ** piety under Makhleb
  9812 | D:8      | Noticed Erica
  9819 | D:8      | Killed Erica
 10342 | D:9      | Reached *** piety under Makhleb
 10453 | D:9      | Noticed a brown ugly thing
 10453 | D:9      | Noticed a centaur warrior
 10454 | D:9      | Noticed a kobold demonologist
 10458 | D:9      | Noticed a six-headed hydra
 10486 | D:9      | HP: 4/91 [centaur warrior/arrow (23)]
 10490 | D:8      | Mangled by a brown ugly thing

Illustrated notes

Levels and vault maps discovered:
D:1:      doesnt_arrival_eight_statues, layout_loops_ring
D:2:      layout_basic, uniq_natasha
D:3:      layout_rooms, hellmonk_ghost_happy_afterlife
D:4:      layout_basic, serial_shops, shop
D:5:      layout_loops_ring
D:6:      layout_cave_pools, minmay_temple_entry_sparse_star,
          nicolae_ossuary_entry_plus, bh_walls_and_bars
D:7:      layout_basic, chequers_temple_overflow_minitemple
D:8:      layout_loops_ring, nicolae_overflow_hidden_temple,
          due_lair_maze_entry_diamond, uniq_erica
D:9:      minmay_blocky_corners, layout_loops_cross, serial_shops,
          nicolae_shop_crystal
Temple:   minmay_crystal_spiral_temple

Skill      XL: |  1  2  3  4  5  6  7  8  9 10 |
---------------+-------------------------------+-----
Dodging        | 3 4 5 6 7 |  7.9
Armour         | 1 2 3 4 6 7 |  7.2
Fighting       | 3 4 5 6 7 9 |  9.1
Unarmed Combat | 4 5 6 8 9 |  9.4
Throwing       | |  1.7

Action                   |  1- 3 |  4- 6 |  7- 9 | 10-12 || total
-------------------------+-------+-------+-------+-------++-------
Melee: Unarmed           |    88 |   158 |   525 |   226 ||   997
       Punch             |     1 |     3 |    21 |    15 ||    40
Throw: Throwing net      |       |       |     2 |     2 ||     4
Evoke: Wand              |       |     1 |     1 |       ||     2
  Use: Scroll            |     3 |     2 |    11 |       ||    16
       Potion            |       |     1 |     7 |       ||     8
 Stab: Held in net/web   |       |       |     1 |       ||     1
Armor: Leather armour    |    18 |    50 |    87 |    42 ||   197
       Ring mail         |       |       |    10 |       ||    10
Dodge: Dodged            |    61 |    90 |   356 |   138 ||   645

Table legend: (Time is in decaauts)
 A = Elapsed time spent in this place.
 B = Non-inter-level travel time spent in this place.
 C = Inter-level travel time spent in this place.
 D = Time resting spent in this place.
 E = Time spent auto-exploring this place.
 F = Levels seen in this place.
 G = Mean time per level.
                   A        B        C        D        E       F      G
               +--------+--------+--------+--------+--------+-----+--------+
         Total |  10374 |   9961 |    413 |   2468 |   5656 |  11 |  943.1 |
       Dungeon |   9062 |   8733 |    329 |   1720 |   5428 |   9 | 1006.9 |
        Temple |    180 |     96 |     84 |      0 |     79 |   1 |  180.0 |
       Ossuary |   1131 |   1131 |      0 |    748 |    149 |   1 | 1131.0 |
               +--------+--------+--------+--------+--------+-----+--------+

Top non-repeatable levels by time:
     D:5: 2060 daAuts
     D:7: 1686 daAuts
     D:2: 1394 daAuts
 Ossuary: 1131 daAuts
     D:6: 799 daAuts
     D:1: 799 daAuts
     D:8: 782 daAuts
     D:4: 709 daAuts
     D:3: 670 daAuts
  Temple: 180 daAuts
     D:9: 162 daAuts
